 Dungeon Crawl Stone Soup version 0.21.1-1-g345015f (webtiles) character file.

137 letownia2 the Changer (level 5, -2/38 HPs)
             Began as a Merfolk Transmuter on Mar 15, 2018.
             Slain by a worker ant (3 damage)
             ... on level 4 of the Dungeon.
             The game lasted 00:06:28 (1090 turns).

letownia2 the Changer (Merfolk Transmuter)          Turns: 1090, Time: 00:06:28

Health: -2/38      AC:  2    Str: 14    XL:     5   Next: 20%
Magic:  2/8        EV: 13    Int: 12    God:
Gold:   108        SH:  5    Dex: 15    Spells: 2/8 levels left

rFire    . . .     SeeInvis .     - Unarmed
rCold    . . .     Gourm    .   (no shield)
rNeg     . . .     Faith    .   b - +0 robe
rPois    .         Spirit   .   (no helmet)
rElec    .         Reflect  +   (no cloak)
rCorr    .         Harm     .   (no gloves)
MR       .....     Rnd*Tele +   (no boots)
Stlth    +.........             f - +5 amulet of reflection
HPRegen  0.12/turn              e - +3 ring of strength
MPRegen  0.11/turn              x - ring of teleportation (curse)

@: lethally poisoned (-2 -> -15), very slightly contaminated, invisible
A: change form in water, swift swim, stealthy swim
a: no special abilities


You were on level 4 of the Dungeon.
You were not hungry.

You visited 1 branch of the dungeon, and saw 4 of its levels.

You collected 108 gold pieces.

Inventory:

Hand Weapons
 i - a cursed -1 hand axe
Missiles
 a - 23 arrows
Armour
 b - a +0 robe (worn)
 u - a +0 leather armour
Jewellery
 e - a +3 ring of strength (left hand)
 f - a +5 amulet of reflection (around neck)
 k - an uncursed ring of stealth
 x - a cursed ring of teleportation (right hand)
Wands
 n - a wand of flame (32)
Scrolls
 g - 3 scrolls of identify {unknown}
 m - a scroll of amnesia {unknown}
 o - 2 scrolls of remove curse {unknown}
 p - a scroll of enchant weapon {unknown}
 q - a scroll of teleportation {unknown}
 r - a scroll of magic mapping {unknown}
 w - a scroll of noise {unknown}
Potions
 l - a potion of might {unknown}
 t - a potion of berserk rage {unknown}
 v - a potion of agility {unknown}
 z - a potion of ambrosia {unknown}
Books
 c - a book of Changes

   Spells                             Type                      Level
   a - Beastly Appendage              Transmutation                1
   b - Sticks to Snakes               Transmutation                2
   c - Spider Form                    Transmutation/Poison         3
   d - Ice Form                       Ice/Transmutation            4
   e - Blade Hands                    Transmutation                5
Comestibles
 d - 5 rations
 s - 3 chunks of flesh


   Skills:
 - Level 2.1 Fighting
 - Level 2.6 Dodging
 - Level 3.9 Unarmed Combat
 - Level 2.0 Spellcasting
 + Level 5.7 Transmutations
 - Level 1.0 Poison Magic


You had 2 spell levels left.
You knew the following spells:

 Your Spells              Type           Power        Failure   Level  Hunger
a - Beastly Appendage     Tmut           ##....       2%          1    ##.....
l - Sticks to Snakes      Tmut           ##......     3%          2    ###....
p - Spider Form           Tmut/Pois      #.........   21%         3    ####...


Dungeon Overview and Level Annotations

Branches:
Dungeon (4/15)
 Temple: D:4-7

Altars:
Nemelex Xobeh
Trog
Xom


Message History

The worker ant bites you.
* * * LOW HITPOINT WARNING * * *
You are more poisoned.
The worker ant poisons you!
Unknown command.
You hit the worker ant.
The worker ant is severely wounded.
The worker ant bites you.
* * * LOW HITPOINT WARNING * * *
You are more poisoned.
The worker ant poisons you!
Unknown command.
* * * LOW HITPOINT WARNING * * *
You feel sick.
Unknown command.
It was a potion of invisibility.
You fade into invisibility!
* * * LOW HITPOINT WARNING * * *
You feel sick. The worker ant barely misses you. The worker ant bites you.
You die...

########### ...w.....#
#########.# . ..# #.#
#.# ##.###########.#
###.####..............#
.#...##.#.......w###
.........#######a#
.#...###### #@#
.##.............#..#
.##..########### #.#
.##..# ... .....# ###
...).# .....#
...#####.. ..........


You could see a worm and a worker ant.

Vanquished Creatures
  A bullfrog skeleton (D:4)
  A worker ant (D:4)
  2 adders (D:3)
  An adder skeleton (D:4)
  A worm (D:2)
  A dart slug (D:1)
  2 leopard geckos
  An orc (D:4)
  3 bats
  5 giant cockroaches
  5 goblins
  6 hobgoblins
  A jackal (D:1)
  4 kobolds
  A quokka (D:2)
  2 frilled lizards
  11 rats
48 creatures vanquished.

Vanquished Creatures (collateral kills)
  An adder (D:2)
1 creature vanquished.

Grand Total: 49 creatures vanquished

Notes
Turn   | Place    | Note
-------+----------+-------------------------------------------
     0 | D:1      | letownia2 the Merfolk Transmuter began the quest for the Orb.
     0 | D:1      | Reached XP level 1. HP: 15/15 MP: 3/3
   252 | D:1      | Reached skill level 3 in Transmutations
   256 | D:1      | Reached XP level 2. HP: 20/21 MP: 1/5
   274 | D:1      | Learned a level 2 spell: Sticks to Snakes
   331 | D:1      | Reached XP level 3. HP: 15/27 MP: 3/6
   428 | D:2      | Learned a level 3 spell: Spider Form
   514 | D:3      | Reached skill level 1 in Poison Magic
   665 | D:2      | Found a sparkling altar of Nemelex Xobeh.
   746 | D:2      | Noticed a moth of wrath
   748 | D:2      | Found a bloodstained altar of Trog.
   775 | D:2      | Reached XP level 4. HP: 28/33 MP: 7/7
   802 | D:3      | Reached skill level 4 in Transmutations
   860 | D:3      | Found a shimmering altar of Xom.
  1005 | D:4      | Reached skill level 5 in Transmutations
  1053 | D:4      | Reached XP level 5. HP: 9/38 MP: 4/8
  1090 | D:4      | HP: 1/38 [poisoned by a worker ant]
  1090 | D:4      | Slain by a worker ant

Skill      XL: |  1  2  3  4 |
---------------+-------------+-----
Transmutations | 3 5 |  5.7
Fighting       | 2 |  2.1
Poison Magic   | 1 |  1.0
Dodging        | |  2.6
Unarmed Combat | |  3.9
Spellcasting   | |  2.0

Action                   |  1- 3 |  4- 6 || total
-------------------------+-------+-------++-------
Melee: Unarmed           |   104 |    47 ||   151
       Headbutt          |    16 |       ||    16
       Punch             |     1 |     1 ||     2
 Cast: Beastly Appendage |    15 |     3 ||    18
       Sticks to Snakes  |     1 |     3 ||     4
       Spider Form       |     1 |     3 ||     4
Evoke: Wand              |       |     1 ||     1
  Use: Potion            |       |     2 ||     2
 Stab: Sleeping          |     1 |     1 ||     2
  Eat: Chunk             |       |     2 ||     2
Armor: Robe              |    20 |       ||    20
       Skin              |       |     1 ||     1
Dodge: Dodged            |    65 |    27 ||    92
Block: Other             |    17 |     5 ||    22
       Reflection        |     4 |       ||     4
